 Dungeon Crawl Stone Soup version 0.29.1 (webtiles) character file.

Game seed: 7294721148060929427

163 Ordine the Shooter (level 5, -5/31 HPs)
             Began as a Tengu Hunter on Sept 14, 2022.
             Slain by an orc wizard
             ... wielding a +2 dagger of electrocution
              (20 damage)
             ... on level 4 of the Dungeon.
             The game lasted 00:05:37 (4445 turns).

Ordine the Shooter (Tengu Hunter)                   Turns: 4445, Time: 00:05:38

Health: -5/31      AC:  4    Str: 11    XL:     5   Next: 44%
Magic:  6/6        EV: 15    Int:  9    God:
Gold:   126        SH:  0    Dex: 20    Spells: 4/4 levels left

rFire   . . .      SeeInvis .   a - +0 shortbow
rCold   . . .      Faith    .   (shield currently unavailable)
rNeg    . . .      Spirit   .   c - +0 leather armour
rPois   .          Reflect  .   (helmet restricted)
rElec   .          Harm     .   i - +0 cloak
rCorr   .          Rampage  .   (no gloves)
Will    .....                   (boots unavailable)
Stlth   ++........              n - amulet of the acrobat
HPRegen 0.10/turn               (no ring)
MPRegen 0.10/turn               (no ring)

@: flying quickly and evasively, quick
A: beak, talons 3, nimble flight
a: no special abilities


You were on level 4 of the Dungeon.
You visited 1 branch of the dungeon, and saw 4 of its levels.

You collected 126 gold pieces.

Inventory:

Hand Weapons
 a - a +0 shortbow (weapon)
Armour
 c - a +0 leather armour (worn)
 i - a +0 cloak (worn)
Jewellery
 n - an amulet of the acrobat (around neck)
Scrolls
 b - 3 scrolls of immolation
 e - 4 scrolls of teleportation {unknown}
 f - 7 scrolls of identify {unknown}
 h - 3 scrolls of amnesia {unknown}
 l - a scroll of magic mapping {unknown}
Potions
 d - 3 potions of flight {unknown}
 g - a potion of mutation {unknown}
 j - a potion of curing {unknown}
 k - 2 potions of might {unknown}
 m - a potion of invisibility {unknown}
 o - a potion of haste {unknown}


   Skills:
 - Level 2.5 Fighting
 * Level 6.4 Ranged Weapons
 - Level 2.8 Dodging
 - Level 1.8 Stealth


You had 4 spell levels left.
You didn't know any spells.
Your spell library contained the following spells:

 Spells                   Type           Power      Damage    Failure   Level
 Shock                    Conj/Air       0%         1d3       47%         1
 Scorch                   Fire           0%         2d5       63%         2
 Swiftness                Air            0%         N/A       85%         3
 Airstrike                Air            0%         2d(0-16)  99%         4
 Flame Wave               Conj/Fire      0%         2d4       99%         4
 Summon Cactus Giant      Summ           0%         N/A       100%        6


Dungeon Overview and Level Annotations

Branches:
Dungeon (4/15)
 Temple: D:4-7

Altars:


Innate Abilities, Weirdness & Mutations

You have a beak for a mouth.
You have claws for feet.
Your magical nature lets you fly swiftly and evasively.


Message History

You shoot an arrow. The arrow hits the orc.
The orc is heavily wounded.
The orc hits you with a +0 club. The orc closely misses you.
You shoot an arrow. The arrow barely misses the orc.
The orc closely misses you.
You shoot an arrow. The arrow hits the orc.
The orc is heavily wounded.
The orc closely misses you. The hobgoblin misses you.
You shoot an arrow. The arrow hits the orc.
The orc is almost dead.
The orc hits you with a +0 club. The hobgoblin hits you.
A ball python comes into view.
You shoot an arrow. The arrow barely misses the orc.
The ball python hisses angrily.
The orc closely misses you. The hobgoblin closely misses you.
An orc comes into view. It is wielding a +0 club.
The hobgoblin hits you. The orc barely misses you.
You shoot an arrow. The arrow barely misses the orc.
The orc misses you. The hobgoblin hits you.
You shoot an arrow. The arrow hits the orc.
You kill the orc!
An orc wizard comes into view.
It is wielding a +2 dagger of electrocution.
The hobgoblin misses you.
You shoot an arrow. The arrow hits the hobgoblin.
You kill the hobgoblin!
You shoot an arrow. The arrow hits the ball python.
You kill the ball python!
You shoot an arrow. The arrow barely misses the orc.
You shoot an arrow. The arrow hits the orc.
The orc is moderately wounded.
The orc hits you with a +0 club. The orc closely misses you.
You shoot an arrow. The arrow closely misses the orc.
The orc closely misses you.
You shoot an arrow. The arrow hits the orc!
You kill the orc!
A dart slug comes into view.
The orc wizard hits you with a +2 dagger of electrocution.
You are electrocuted!!
Ouch! That really hurt!
You die...

##### # ###..#.
.. ..... ....#
## .... .....
#.###..#...w.
.##..#.?.#..#
........@.####
.......)o)...##
..?.............
.......<.....<..
.#[.............
#..............
##.............
#.............
##...........


You could see an orc wizard and a dart slug (wandering).

Vanquished Creatures
  Robin (D:3)
  3 gnolls (D:2)
  2 adders
  A dart slug (D:1)
  4 orcs
  10 endoplasms
  4 giant cockroaches
  14 goblins
  13 hobgoblins
  3 jackals (D:2)
  9 kobolds
  5 quokkas
  5 ball pythons
  5 bats
  3 frilled lizards
  10 rats
92 creatures vanquished.

Notes
Turn   | Place    | Note
-------+----------+-------------------------------------------
     0 | D:1      | Ordine the Tengu Hunter began the quest for the Orb.
     0 | D:1      | Reached XP level 1. HP: 12/12 MP: 2/2
   253 | D:1      | Reached XP level 2. HP: 17/17 MP: 3/3
   727 | D:1      | Found a faded altar of an unknown god.
   755 | D:1      | Reached XP level 3. HP: 21/21 MP: 4/4
  1667 | D:2      | Reached skill level 5 in Ranged Weapons
  2227 | D:2      | Reached XP level 4. HP: 27/27 MP: 5/5
  2749 | D:2      | Identified the +1 ring mail of Odoppasch {Int+3}
  3386 | D:3      | Reached skill level 6 in Ranged Weapons
  3386 | D:3      | Gained mutation: Your magical nature lets you fly swiftly
                  | and evasively. [Tengu growth]
  3386 | D:3      | Reached XP level 5. HP: 31/31 MP: 6/6
  3396 | D:3      | Noticed Robin
  3678 | D:3      | Killed Robin
  4445 | D:4      | Slain by an orc wizard

Illustrated notes

Levels and vault maps discovered:
D:1:      dpeg_arrival_boxes_within_box, layout_basic,
          hellmonk_ecumenical_altar_blasted, chequers_garden
D:2:      minmay_razor_zed, layout_basic
D:3:      layout_loops_corners, uniq_robin
D:4:      layout_cave_pools, nicolae_ashenzari_panopticon,
          minmay_temple_entry_junction, uniq_pikel, uniq_sigmund

Skill      XL: |  1  2  3  4 |
---------------+-------------+-----
Ranged Weapons | 5 6 |  6.4
Fighting       | |  2.5
Dodging        | |  2.8
Stealth        | |  1.8

Action                   |  1- 3 |  4- 6 || total
-------------------------+-------+-------++-------
 Fire: Shortbow          |    97 |   150 ||   247
Armor: Leather armour    |    10 |    12 ||    22
Dodge: Dodged            |    27 |    61 ||    88
